 Dungeon Crawl Stone Soup version 0.23.2 (webtiles) character file.

Game seed: 14840585349720174489

321 Brecoman the Changer (level 6, 0/50 HPs)
             Began as a Draconian Transmuter on Apr 12, 2019.
             Shot with an arrow by a centaur (8 damage)
             ... on level 5 of the Dungeon.
             The game lasted 00:11:48 (4340 turns).

Brecoman the Changer (Draconian Transmuter)         Turns: 4340, Time: 00:11:49

Health: 0/50       AC:  6    Str: 12    XL:     6   Next: 22%
Magic:  7/9        EV: 12    Int: 15    God:
Gold:   237        SH:  0    Dex: 12    Spells: 2/9 levels left

rFire    . . .     SeeInvis .     - Unarmed
rCold    . . .     Gourm    .   (no shield)
rNeg     . . .     Faith    .   (armour unavailable)
rPois    .         Spirit   .   (helmet restricted)
rElec    .         Reflect  .   (no cloak)
rCorr    .         Harm     .   (no gloves)
MR       .....                  (no boots)
Stlth    +.........             l - amulet of regeneration
HPRegen  0.56/turn              (no ring)
MPRegen  0.11/turn              (no ring)

@: no status effects
A: unfitting armour, cold-blooded, AC +6
a: no special abilities


You were on level 5 of the Dungeon.
You were very hungry.

You visited 1 branch of the dungeon, and saw 5 of its levels.

You collected 237 gold pieces.

Inventory:

Missiles
 a - 55 arrows
 b - 214 stones (quivered)
Armour
 o - a +0 buckler
Jewellery
 l - an amulet of regeneration (around neck)
Scrolls
 g - 4 scrolls of teleportation
 i - 5 scrolls of remove curse
 n - 2 scrolls of fog
Potions
 d - a potion of magic {unknown}
 e - a potion of ambrosia {unknown}
 f - a potion of resistance {unknown}
 h - 2 potions of mutation {unknown}
 j - a potion of lignification {unknown}
 k - 3 potions of curing
 m - a potion of degeneration {unknown}
 p - 2 potions of brilliance {unknown}
Comestibles
 c - 9 rations


   Skills:
 - Level 2.6 Fighting
 - Level 1.7 Dodging
 - Level 3.8 Unarmed Combat
 - Level 2.0 Spellcasting
 * Level 4.5 Transmutations
 * Level 3.1 Ice Magic


You had 2 spell levels left.
You knew the following spells:

 Your Spells              Type           Power        Failure   Level  Hunger
a - Beastly Appendage     Tmut           ###...       3%          1    #......
b - Sticks to Snakes      Tmut           ###.....     5%          2    ###....
c - Ice Form              Ice/Tmut       ##......     41%         4    #####..

Your spell library contained the following spells:

 Spells                   Type           Power        Failure   Level  Hunger
 Spider Form              Tmut/Pois      #.........   26%         3    ###....
 Blade Hands              Tmut           ###.......   67%         5    ######.


Dungeon Overview and Level Annotations

Branches:
Dungeon (5/15)
 Temple: D:4-7

Altars:
Makhleb
Okawaru

Shops:
D:4 (   D:5 %


Innate Abilities, Weirdness & Mutations

Your plain brown scales are hard. (AC +6)
You cannot fit into any form of body armour.
You are cold-blooded and may be slowed by cold attacks.


Message History

Your ball python grabs the crimson imp.
Your ball python constricts the crimson imp.
You see here an arrow.
The crimson imp struggles to escape constriction.
Your ball python loses its grip on the crimson imp.
The centaur shoots an arrow.
The arrow hits you.
Your ball python bites the crimson imp but does no damage.
Your ball python closely misses the crimson imp.
The centaur shoots an arrow.
The arrow hits you!
* * * LOW HITPOINT WARNING * * *
You are feeling very hungry.
The centaur shoots an arrow.
The arrow hits you.
* * * LOW HITPOINT WARNING * * *
You see here an arrow.
The centaur shoots an arrow.
The arrow barely misses you.
You see here an arrow.
Your ball python closely misses the crimson imp.
Your ball python barely misses the crimson imp.
The centaur shoots an arrow.
The arrow hits you!
You die...

.#...............##.S...#
###.................5...###
..#....†............c.###.(.# #
.<..##.##.#........(.## #..(#####
..#.##.####........#.## #...(#...
.......####....#......###........
...#....#....#.##(....##.....5...
# #.........##.#..............(.
...............<@......#.....c.S(
......#.....#....................
......#.....#........#..........(
..................##.............
##.....##.......... ...#.........
...... #.......#................
.##. ............##...........
#..........## ........


You could see a centaur and a crimson imp.

Vanquished Creatures
  A scorpion (D:5)
  A centaur skeleton (D:4)
  A worker ant (D:4)
  A worker ant zombie (D:5)
  Robin (D:3)
  An adder (D:3)
  An ooze (D:4)
  2 worms
  4 dart slugs
  3 leopard geckos
  8 orcs
  A ball python (D:1)
  6 bats
  2 giant cockroaches (D:3)
  6 hobgoblins
  12 jackals
  A quokka (D:4)
  8 frilled lizards
  16 goblins
  8 kobolds
  6 rats
90 creatures vanquished.

Vanquished Creatures (collateral kills)
  3 orc priests
  A howler monkey skeleton (D:5)
  An adder (D:4)
  A frilled lizard (D:2)
6 creatures vanquished.

Grand Total: 96 creatures vanquished

Notes
Turn   | Place    | Note
-------+----------+-------------------------------------------
     0 | D:1      | Brecoman the Draconian Transmuter began the quest for the
                  | Orb.
     0 | D:1      | Reached XP level 1. HP: 16/16 MP: 3/3
   400 | D:1      | Reached XP level 2. HP: 23/23 MP: 3/5
  1000 | D:1      | Reached XP level 3. HP: 26/29 MP: 6/6
  1591 | D:2      | Learned a level 2 spell: Sticks to Snakes
  2536 | D:3      | Reached XP level 4. HP: 26/37 MP: 5/7
  2577 | D:3      | Learned a level 4 spell: Ice Form
  2610 | D:3      | Reached skill level 3 in Transmutations
  2675 | D:3      | Noticed Robin
  2686 | D:3      | Killed Robin
  2933 | D:3      | Reached skill level 1 in Ice Magic
  3002 | D:3      | Found an iron altar of Okawaru.
  3031 | D:3      | Reached XP level 5. HP: 29/42 MP: 3/8
  3484 | D:4      | Found Ciliej's Weapon Boutique.
  3594 | D:4      | Reached skill level 4 in Transmutations
  3610 | D:4      | Found a burning altar of Makhleb.
  4137 | D:5      | Entered Level 5 of the Dungeon
  4171 | D:5      | Reached XP level 6. HP: 35/50 MP: 2/9
  4233 | D:5      | Found Dietaihi's Food Shoppe.
  4340 | D:5      | Shot with an arrow by a centaur

Skill      XL: |  1  2  3  4  5 |
---------------+----------------+-----
Fighting       | 2 |  2.6
Transmutations | 3 4 |  4.5
Ice Magic      | 1 3 |  3.1
Dodging        | |  1.7
Unarmed Combat | |  3.8
Spellcasting   | |  2.0

Action                   |  1- 3 |  4- 6 || total
-------------------------+-------+-------++-------
Melee: Unarmed           |   144 |   155 ||   299
       Kick              |     8 |    23 ||    31
       Punch             |     2 |     2 ||     4
       Tailslap          |     8 |    24 ||    32
       Headbutt          |     4 |    14 ||    18
Throw: Stone             |       |     4 ||     4
 Cast: Beastly Appendage |    32 |    22 ||    54
       Sticks to Snakes  |     5 |    19 ||    24
  Use: Scroll            |     1 |     6 ||     7
 Stab: Distracted        |       |     1 ||     1
  Eat: Chunk             |     6 |     7 ||    13
Armor: Skin              |    61 |    42 ||   103
Dodge: Dodged            |   118 |    99 ||   217
